 Dungeon Crawl Stone Soup version 0.31.0-11-ge490571c62 (webtiles) character file.

Game seed: 9076115195187871671

100 qw the Shooter (level 4, -3/25 HPs)
             Began as a Deep Elf Hunter on Feb 3, 2024.
             Slain by a gnoll
             ... wielding a +0 spear
              (5 damage)
             ... on level 2 of the Dungeon.
             The game lasted 00:00:09 (2057 turns).

qw the Shooter (Deep Elf Hunter)                    Turns: 2057, Time: 00:00:10

Health: -3/25      AC:  6    Str: 16    XL:     4   Next: 47%
Magic:  6/6        EV: 12    Int: 14    God:
Gold:   79         SH:  0    Dex: 24    Spells: 3/3 levels left

rFire   . . .        a - +1 shortbow
rCold   . . .        (shield currently unavailable)
rNeg    . . .        f - +0 ring mail
rPois   .            c - +0 helmet
rElec   .            (no cloak)
rCorr   .            (no gloves)
SInv    .            (no boots)
Will    .....        (no amulet)
Stlth   ++           j - +6 ring of strength
HPRegen 0.24/turn    b - +6 ring of dexterity
MPRegen 0.10/turn

%: no passive effects
@: no status effects
A: no striking features
a: no special abilities


You were on level 2 of the Dungeon.
You visited 1 branch of the dungeon, and saw 3 of its levels.

You collected 79 gold pieces.


   Skills:
 - Level 1.5 Fighting
 + Level 7.6 Ranged Weapons
 - Level 3.0 Dodging
 - Level 1.2 Stealth


You had 3 spell levels left.
You didn't know any spells.
Your spell library was empty.

Inventory:

Hand Weapons
 a - a +1 shortbow (weapon)
Armour
 c - a +0 helmet (worn)
 f - a +0 ring mail (worn)
Jewellery
 b - a +6 ring of dexterity (right hand)
 d - a ring of fire
 j - a +6 ring of strength (left hand)
Potions
 i - a potion of might
 k - a potion of curing
 l - a potion of mutation {unknown}

Dungeon Overview and Level Annotations

Branches:
Dungeon (3/15)

Altars:
Zin

Annotations:
D:2 1 runed translucent door, Crazy Yiuf


Message History

Level annotation: 1 runed translucent door, Crazy Yiuf
There is a stone staircase leading down here.
2049 ||| DRINKING potion of heal wounds.
You feel much better.
The giant cockroach bites you but does no damage.
The gnoll hits you with a +0 whip. The gnoll hits you with a +0 spear. x2
You shoot an arrow.
The arrow hits the gnoll but does no damage.
The giant cockroach bites you but does no damage.
The gnoll hits you with a +0 whip. The gnoll barely misses you.
The gnoll hits you but does no damage.
You shoot an arrow. The arrow barely misses the gnoll.
The giant cockroach misses you. The gnoll closely misses you.
The gnoll misses you. The gnoll hits you but does no damage.
The giant cockroach bites you but does no damage.
You shoot an arrow. The arrow hits the gnoll!
The gnoll is heavily wounded.
The gnoll hits you with a +0 whip. The gnoll barely misses you.
The giant cockroach closely misses you. The gnoll hits you but does no damage.
You shoot an arrow. The arrow hits the gnoll.
You kill the gnoll!
The giant cockroach completely misses you.
The gnoll barely misses you. The gnoll hits you but does no damage.
Your Dodging skill increases to level 3!
You shoot an arrow. The arrow hits the gnoll!
The gnoll is almost dead.
The giant cockroach bites you but does no damage.
The gnoll hits you with a +0 whip. The gnoll barely misses you.
The giant cockroach bites you but does no damage.
You shoot an arrow. The arrow completely misses the gnoll.
The gnoll hits you with a +0 whip. The gnoll barely misses you.
The giant cockroach bites you.
You shoot an arrow. The arrow hits the gnoll.
You kill the gnoll!
The gnoll hits you with a +0 spear. The giant cockroach barely misses you.
You shoot an arrow. The arrow hits the gnoll.
The gnoll is moderately wounded.
The giant cockroach bites you but does no damage.
The gnoll hits you with a +0 spear.
You die...

#.##.###.#.####.##### #.......
#.##.# #.#.# ##.....# #.###...
#.#..###.#.###..)##.# #.# #...
###.#........##.....#.###.###...
#.......##.###.....##...###.<...
#.#.#....#.##......#..#...#####.
#.#.........'.....##.####...####
#.###....####...B.#..#..###.....
#.###.#.## ##g@.##.##....##.##.
#.......# ##))#..#..}..#..#..
#####.### ####.##....##.##.# #.#
#...###..)).#..# ##.####
#.#...####.##.## #.....#
#.###...#..#..#. #..##.#
##...###...##.##)
#..##.#######..#...###.#...#.
#..##.##...##.####...#####...


You could see a gnoll and a giant cockroach.

Vanquished Creatures
  An adder (D:2)
  2 gnolls (D:2)
  2 dart slugs
  2 ribbon worms (D:2)
  A bat (D:1)
  An endoplasm (D:2)
  4 giant cockroaches
  6 goblins
  3 hobgoblins
  8 jackals (D:1)
  4 quokkas
  6 ball pythons
  5 frilled lizards
  4 kobolds
  12 rats
61 creatures vanquished.

Notes
Turn   | Place    | Note
-------+----------+-------------------------------------------
     0 | D:1      | qw the Deep Elf Hunter began the quest for the Orb.
     0 | D:1      | Reached XP level 1. HP: 12/12 MP: 3/3
     0 | D:1      | 0 ||| qw: Version: 0.3-a-158-g18b3111
     0 | D:1      | 0 ||| qw: Game counter: 4149
     0 | D:1      | 0 ||| qw: Melee chars always use a shield: true
     0 | D:1      | 0 ||| qw: God list: Okawaru
     0 | D:1      | 0 ||| qw: Allow faded altars: false
     0 | D:1      | 0 ||| qw: Do Orc after clearing Dungeon:15 true
     0 | D:1      | 0 ||| qw: Do second Lair branch before Depths: true
     0 | D:1      | 0 ||| qw: Lair rune preference: random
     0 | D:1      | 0 ||| qw: Goals: Normal
     0 | D:1      | 0 ||| PLANNING D:1-11
   159 | D:1      | Reached skill level 6 in Ranged Weapons
   159 | D:1      | Reached XP level 2. HP: 16/16 MP: 4/4
   279 | D:1      | HP: 4/16 [jackal (3)]
   438 | D:1      | Reached XP level 3. HP: 20/20 MP: 5/5
   715 | D:1      | 715 ||| UPGRADING to +0 ring mail.
   725 | D:1      | 725 ||| DROPPING +0 leather armour.
   726 | D:1      | 726 ||| UPGRADING to +6 ring of strength.
   727 | D:1      | 727 ||| READING 6 scrolls labelled OMUECL MAOS.
   727 | D:1      | 727 ||| IDENTIFYING glowing brown potion
   728 | D:1      | 728 ||| READING 5 scrolls of identify.
   728 | D:1      | 728 ||| IDENTIFYING fuming clear potion
   729 | D:1      | 729 ||| READING 4 scrolls of identify.
   729 | D:1      | 729 ||| IDENTIFYING yellow potion
   730 | D:1      | 730 ||| READING 3 scrolls of identify.
   730 | D:1      | 730 ||| IDENTIFYING orange potion
   731 | D:1      | 731 ||| DROPPING scroll of butterflies.
   732 | D:1      | 732 ||| DROPPING potion of degeneration.
   733 | D:1      | 733 ||| DROPPING potion of ambrosia.
   825 | D:2      | Reached skill level 7 in Ranged Weapons
  1148 | D:2      | Reached XP level 4. HP: 21/25 MP: 6/6
  1304 | D:2      | Found a faded altar of an unknown god.
  1323 | D:2      | Found a glowing silver altar of Zin.
  1429 | D:2      | 1429 ||| UPGRADING to +6 ring of dexterity.
  1430 | D:2      | 1430 ||| READING 2 scrolls of identify.
  1430 | D:2      | 1430 ||| IDENTIFYING bubbling green potion
  1431 | D:2      | 1431 ||| READING scroll of identify.
  1431 | D:2      | 1431 ||| IDENTIFYING silvery potion
  1432 | D:2      | 1432 ||| READING scroll labelled KESHUTHRUWA.
  1432 | D:2      | 1432 ||| ENCHANTING +0 shortbow.
  1433 | D:2      | 1433 ||| DROPPING potion of invisibility.
  1790 | D:2      | Found a runed translucent door.
  1791 | D:2      | Noticed Crazy Yiuf
  1956 | D:2      | 1956 ||| UPGRADING to +0 helmet.
  2042 | D:3      | 2042 ||| STAIRDANCE
  2047 | D:3      | 2047 ||| STAIRDANCE
  2047 | D:3      | HP: 5/25 [gnoll/+0 spear (3)]
  2049 | D:2      | 2049 ||| DRINKING potion of heal wounds.
  2054 | D:2      | Reached skill level 3 in Dodging
  2055 | D:2      | HP: 6/25 [gnoll/+0 whip (1)]
  2056 | D:2      | HP: 2/25 [gnoll/+0 spear (3)]
  2057 | D:2      | Slain by a gnoll

Levels and vault maps discovered:
D:1:      psy_arrival_terrarium, layout_loops_ring, minivault_19
D:2:      minmay_skewed_foursquare, layout_loops_corners, basic_altar,
          basic_ecumenical_altar, uniq_crazy_yiuf_cottage
D:3:      layout_basic

Skill      XL: |  1  2  3  4 |
---------------+-------------+-----
Ranged Weapons | 6 7 |  7.6
Dodging        | 3 |  3.0
Fighting       | |  1.5
Stealth        | |  1.2

Action                     |  1- 3 |  4- 6 || total
---------------------------+-------+-------++-------
   Fire: Shortbow          |   140 |    32 ||   172
    Use: Scroll            |     4 |     3 ||     7
         Potion            |       |     1 ||     1
 Armour: Leather armour    |    34 |       ||    34
         Ring mail         |    11 |    32 ||    43
  Dodge: Dodged            |    48 |    25 ||    73

Table legend:
 A = Non-vault XP
 B = Vault XP
 C = Vault XP percentage of total XP
 D = Non-vault monster count
 E = Vault monster count
 F = Vault count percentage of total count
                 A         B        C        D         E       F
            +---------+---------+-------+---------+---------+-------
      Total |     132 |      12 |   8.3 |      55 |       6 |   9.8
            +---------+---------+-------+---------+---------+-------
        D:1 |      55 |       0 |   0.0 |      34 |       0 |   0.0
        D:2 |      77 |      12 |  13.5 |      21 |       6 |  22.2
            +---------+---------+-------+---------+---------+-------
